 Dungeon Crawl Stone Soup version 0.30.1-4-g462c640d31 (webtiles) character file.

Game seed: 6337859321359394346

280 Bobit the Grasshopper (level 6, -5/51 HPs)
             Began as a Gnoll Warper on Aug 11, 2023.
             Was an Initiate of Okawaru.
             Killed from afar by an orc wizard (7 damage)
             ... with a magic dart
             ... on level 4 of the Dungeon.
             The game lasted 00:11:55 (3201 turns).

Bobit the Grasshopper (Gnoll Warper)                Turns: 3201, Time: 00:11:55

Health: -5/51      AC:  5    Str: 15    XL:     6   Next: 27%
Magic:  9/14       EV: 12    Int: 13    God:    Okawaru [......]
Gold:   137        SH:  0    Dex: 13    Spells: 7/15 levels left

rFire   . . .        l - +4 quarterstaff of Gozag, Dancing {drain, +Blink rF- Str+5 Stlth+}
rCold   x . .        (shield currently unavailable)
rNeg    . . .        z - +0 ring mail
rPois   .            (no helmet)
rElec   .            (no cloak)
rCorr   .            (no gloves)
SInv    .            (no boots)
Will    +....        (no amulet)
Stlth   ++           q - ring of fire
HPRegen 0.28/turn    x - ring of willpower
MPRegen 0.14/turn

%: no passive effects
@: no status effects
A: fangs 1, strong nose, distributed training
a: Renounce Religion, Evoke Blink


You were on level 4 of the Dungeon.
You worshipped Okawaru.
Okawaru was noncommittal.
You visited 1 branch of the dungeon, and saw 4 of its levels.

You collected 146 gold pieces.
You donated 9 gold pieces to Zin.

Inventory:

Hand Weapons
 a - a +0 falchion
 l - the +4 quarterstaff of Gozag, Dancing (weapon) {drain, +Blink rF- Str+5 Stlth+}
   (You found it on level 2 of the Dungeon)

   Str:       It affects your strength (+5).
   rF:        It makes you vulnerable to fire.
   +Blink:    It lets you blink.
   Stlth:     It makes you more stealthy.
 r - a +1 mace of protection
Missiles
 d - 7 boomerangs of dispersal (quivered)
 h - 3 poisoned darts
 i - 11 boomerangs
Armour
 b - a +0 leather armour
 z - a +0 ring mail (worn)
Jewellery
 q - a ring of fire (left hand)
 w - a +4 ring of protection
 x - a ring of willpower (right hand)
Wands
 m - a wand of iceblast (11)
Scrolls
 c - 2 scrolls of blinking
 e - a scroll of butterflies {unknown}
 f - 2 scrolls of immolation {unknown}
 g - 5 scrolls of identify {unknown}
 j - a scroll of poison {unknown}
 k - a scroll of teleportation {unknown}
 n - a scroll of acquirement {unknown}
 t - a scroll of fear {unknown}
 y - a scroll of brand weapon {unknown}
 A - a scroll of vulnerability {unknown}
Potions
 o - a potion of lignification {unknown}
 p - a potion of cancellation {unknown}
 s - 2 potions of curing {unknown}
 u - a potion of heal wounds {unknown}
 v - a potion of attraction {unknown}


   Skills:
 + Level 5.0 Fighting
 + Level 2.0 Short Blades
 + Level 5.0 Long Blades
 + Level 2.0 Axes
 + Level 2.0 Maces & Flails
 + Level 2.0 Polearms
 + Level 2.0 Staves
 + Level 2.0 Ranged Weapons
 + Level 3.2 Throwing
 + Level 3.2 Armour
 + Level 5.0 Dodging
 + Level 2.0 Stealth
 + Level 2.0 Shields
 + Level 2.0 Unarmed Combat
 + Level 5.3 Spellcasting
 + Level 1.5 Conjurations
 + Level 1.5 Hexes
 + Level 1.5 Summonings
 + Level 1.5 Necromancy
 + Level 5.6 Translocations
 + Level 1.5 Transmutations
 + Level 1.5 Fire Magic
 + Level 1.5 Ice Magic
 + Level 1.5 Air Magic
 + Level 1.5 Earth Magic
 + Level 1.5 Poison Magic
 + Level 2.1 Invocations
 + Level 2.0 Evocations


You had 7 spell levels left.
You knew the following spells:

 Your Spells              Type           Power      Damage    Failure   Level
a - Blink                 Tloc           36%        N/A       4%          2
b - Teleport Other        Tloc           18%        N/A       10%         3
c - Vhi's Electric Charg  Tloc/Air       24%        N/A       24%         3

Your spell library contained the following spells:

 Spells                   Type           Power      Damage    Failure   Level
 Lesser Beckoning         Tloc           36%        N/A       4%          2
 Sandblast                Erth           14%        2d6       19%         1
 Passwall                 Tmut/Erth      5%         N/A       28%         2
 Scorch                   Fire           22%        2d5       28%         2
 Manifold Assault         Tloc           18%        N/A       32%         4
 Stone Arrow              Conj/Erth      14%        3d7       50%         3
 Flame Wave               Conj/Fire      11%        2d6       88%         4
 Petrify                  Tmut/Erth      7%         N/A       88%         4
 Metabolic Englaciation   Hex/Ice        3%         N/A       99%         5
 Statue Form              Tmut/Erth      4%         N/A       100%        6
 Summon Cactus Giant      Summ           Unusable   N/A       N/A         6

Dungeon Overview and Level Annotations

Branches:
Dungeon (4/15)
 Temple: D:4-7

Altars:
Cheibriados
Okawaru
Trog
Zin


Innate Abilities, Weirdness & Mutations

You have very sharp teeth.
Your uncanny sense of smell can sniff out nearby items.
Your experience applies equally to all skills.


Message History

* * * LOW HITPOINT WARNING * * *
You hit something but do no damage. Something hits you.
* * * LOW HITPOINT WARNING * * *
Something hits you.
* * * LOW HITPOINT WARNING * * *
You closely miss something. Something hits you but does no damage.
You miss something. Something hits you but does no damage.
You sock something! Your bite misses something. Something hits you.
* * * LOW HITPOINT WARNING * * *
You miss something. Something hits you.
* * * LOW HITPOINT WARNING * * *
Casting: Vhi's Electric Charge (dangerous; 24% risk of failure)
Confirm with . or Enter, or press ? or * to list all spells.
You blink.
A puff of flame appears from out of thin air!
The puff of flame hits you!
* * * LOW HITPOINT WARNING * * *
Casting: Blink (safe; 4% risk of failure)
Confirm with . or Enter, or press ? or * to list all spells.
You are still too unstable to blink.
Casting: Blink (safe; 4% risk of failure)
Confirm with . or Enter, or press ? or * to list all spells.
You can't see any susceptible monsters within range! (Use Z to cast anyway.)
Casting: Blink (safe; 4% risk of failure)
Confirm with . or Enter, or press ? or * to list all spells.
Aiming: Teleport Other (dangerous; 10% risk of failure)
Press: ? - help, Shift-Dir - straight line
Okay, then.
Casting: Teleport Other (dangerous; 10% risk of failure)
Confirm with . or Enter, or press ? or * to list all spells.
Aiming: Teleport Other (dangerous; 10% risk of failure)
Press: ? - help, Shift-Dir - straight line Nothing appears to happen.
Casting: Teleport Other (dangerous; 10% risk of failure)
Confirm with . or Enter, or press ? or * to list all spells.
You are still too unstable to blink.
You feel stable enough to blink again.
A magic dart appears from out of thin air!
The magic dart hits you!
You die...

#...#.......'.....#..
#...##......##....#..
#...##......##....#..
#...........##....#..
#######......'....>#..
#.....#......#.....#..
#.....#......#.....#..
#.....###########'##..
#....@................
#.....................
#....{..............##
#...................#.
######..............#.
#..)'....<.........'.
#...#..............#.
#...#..............#.
#...#..............##


There were no monsters in sight!

Vanquished Creatures
  A hound (D:4)
  An iron imp (D:4)
  An iguana (D:4)
  3 gnolls (D:4)
  8 adders
  2 worms (D:4)
  3 dart slugs (D:4)
  6 orcs
  7 ball pythons
  5 endoplasms
  6 giant cockroaches
  9 hobgoblins
  5 kobolds
  5 quokkas
  3 bats
  2 frilled lizards
  6 goblins
  4 rats
77 creatures vanquished.

Notes
Turn   | Place    | Note
-------+----------+-------------------------------------------
     0 | D:1      | Bobit the Gnoll Warper began the quest for the Orb.
     0 | D:1      | Reached XP level 1. HP: 20/20 MP: 6/6
   149 | D:1      | Reached XP level 2. HP: 25/26 MP: 7/7
   284 | D:1      | You fall into a shaft and drop 1 floor!
   707 | D:2      | Identified the +4 quarterstaff of Gozag, Dancing {drain,
                  | +Blink rF- Str+5 Stlth+}
   892 | D:2      | Reached skill level 5 in Spellcasting
   892 | D:2      | Reached XP level 3. HP: 29/31 MP: 7/9
  1058 | D:2      | Reached skill level 1 in Invocations
  1306 | D:3      | Reached skill level 1 in Short Blades
  1306 | D:3      | Reached skill level 1 in Axes
  1306 | D:3      | Reached skill level 1 in Maces & Flails
  1306 | D:3      | Reached skill level 1 in Polearms
  1306 | D:3      | Reached skill level 1 in Staves
  1306 | D:3      | Reached skill level 1 in Ranged Weapons
  1306 | D:3      | Reached skill level 1 in Stealth
  1306 | D:3      | Reached skill level 1 in Shields
  1306 | D:3      | Reached skill level 1 in Unarmed Combat
  1306 | D:3      | Reached skill level 1 in Evocations
  1335 | D:3      | Reached XP level 4. HP: 31/38 MP: 11/11
  1510 | D:3      | Learned a level 2 spell: Blink
  1514 | D:3      | Learned a level 3 spell: Teleport Other
  1518 | D:3      | Learned a level 3 spell: Vhi's Electric Charge
  1654 | D:3      | Found a faded altar of an unknown god.
  1661 | D:3      | Prayed at the altar of an unknown god.
  1661 | D:3      | Became a worshipper of Zin the Law-Giver
  1661 | D:3      | Reached * piety under Zin
  1707 | D:3      | Was placed under penance by Zin
  1710 | D:3      | Reached skill level 1 in Conjurations
  1710 | D:3      | Reached skill level 1 in Hexes
  1710 | D:3      | Reached skill level 1 in Summonings
  1710 | D:3      | Reached skill level 1 in Necromancy
  1710 | D:3      | Reached skill level 1 in Transmutations
  1710 | D:3      | Reached skill level 1 in Fire Magic
  1710 | D:3      | Reached skill level 1 in Ice Magic
  1710 | D:3      | Reached skill level 1 in Air Magic
  1710 | D:3      | Reached skill level 1 in Earth Magic
  1710 | D:3      | Reached skill level 1 in Poison Magic
  1710 | D:3      | Fell from the grace of Zin
  1761 | D:3      | Found an iron altar of Okawaru.
  1989 | D:3      | Became a worshipper of Warmaster Okawaru
  2373 | D:4      | Reached XP level 5. HP: 26/43 MP: 12/12
  2696 | D:4      | Found a snail-covered altar of Cheibriados.
  2909 | D:4      | Found a bloodstained altar of Trog.
  2977 | D:4      | Reached XP level 6. HP: 50/50 MP: 14/14
  2986 | D:4      | Reached skill level 5 in Fighting
  2986 | D:4      | Reached skill level 5 in Long Blades
  2986 | D:4      | Reached skill level 5 in Dodging
  3199 | D:4      | HP: 1/51 [something/puff of flame (7)]
  3201 | D:4      | Killed from afar by an orc wizard

Illustrated notes

Levels and vault maps discovered:
D:1:      dpeg_arrival_rhombi, layout_loops_ring
D:2:      layout_loops_corners, minmay_misc_feat_x, kennysheep_generic_room_2
D:3:      layout_loops_ring, mainiacjoe_overflow_chevrons,
          shapermc_ecumenical_altar_acropolis
D:4:      layout_gridville, slow_altar_1, trog_book

Skill      XL: |  1  2  3  4  5  6 |
---------------+-------------------+-----
Spellcasting   | 5 |  5.3
Invocations    | 1 2 |  2.1
Short Blades   | 1 2 |  2.0
Axes           | 1 2 |  2.0
Maces & Flails | 1 2 |  2.0
Polearms       | 1 2 |  2.0
Staves         | 1 2 |  2.0
Ranged Weapons | 1 2 |  2.0
Stealth        | 1 2 |  2.0
Shields        | 1 2 |  2.0
Unarmed Combat | 1 2 |  2.0
Evocations     | 1 2 |  2.0
Conjurations   | 1 |  1.5
Hexes          | 1 |  1.5
Summonings     | 1 |  1.5
Necromancy     | 1 |  1.5
Transmutations | 1 |  1.5
Fire Magic     | 1 |  1.5
Ice Magic      | 1 |  1.5
Air Magic      | 1 |  1.5
Earth Magic    | 1 |  1.5
Poison Magic   | 1 |  1.5
Throwing       | 3 |  3.2
Armour         | 3 |  3.2
Fighting       | 5 |  5.0
Long Blades    | 5 |  5.0
Dodging        | 5 |  5.0
Translocations | |  5.6

Action                     |  1- 3 |  4- 6 || total
---------------------------+-------+-------++-------
  Melee: Falchion          |    39 |       ||    39
         Bite              |     6 |    14 ||    20
         Quarterstaff      |    39 |   127 ||   166
         Punch             |     1 |       ||     1
   Cast: Vhi's Electric Ch |       |     3 ||     3
         Teleport Other    |       |     2 ||     2
         Blink             |       |     2 ||     2
 Invoke: Renounce Religion |       |     1 ||     1
   Stab: Sleeping          |     1 |    12 ||    13
 Armour: Leather armour    |    17 |    22 ||    39
         Ring mail         |       |    14 ||    14
  Dodge: Dodged            |    48 |    68 ||   116
